 Dungeon Crawl Stone Soup version 0.30-a0-949-g53dc5368d7 (webtiles) character file.

Game seed: 1183715175630295233

130 MachoJfn the Magician (level 5, 0/35 HPs)
             Began as a Djinni Hedge Wizard on Mar 27, 2023.
             Was an Initiate of Ashenzari.
             Slain by an orc priest
             ... wielding a +2 whip of venom
              (2 damage)
             ... on level 3 of the Dungeon.
             The game lasted 00:11:07 (2087 turns).

MachoJfn the Magician (Djinni Hedge Wizard)         Turns: 2087, Time: 00:11:07

Health: 0/35       AC:  4    Str: 13    XL:     5   Next: 36%
Gold:   126        EV: 12    Int: 21    God:    Ashenzari [......] SH:  0 Dex: 12

rFire   + + +      SeeInvis .    h - +2 dagger (venom)
rCold   x . .      Faith    .    (no shield)
rNeg    . . .      Spirit   .    i - +1 leather armour {rF+}
rPois   ∞          Reflect  .    c - +0 hat
rElec   .          Rampage  .    (no cloak)
rCorr   .                        (no gloves)
Will    .....                    (boots unavailable)
Stlth   ++                       (no amulet)
HPRegen 0.25/turn                e - ring "Overhang to Understand" {rPois Str+5, Self, Fort} (curse)
MPRegen 0.00/turn                (no ring)

@: flying
A: sickness immunity, fire resistance 2, cold vulnerability 1, float, innate
caster, HP casting, extra vitality 1, horns 1, clever 1
a: Renounce Religion, Curse Item, Shatter the Chains


You were on level 3 of the Dungeon.
You worshipped Ashenzari.
Ashenzari was noncommittal.
You visited 1 branch of the dungeon, and saw 3 of its levels.

You collected 126 gold pieces.

Inventory:

Hand Weapons
 h - a +2 dagger of venom (weapon)
Missiles
 d - 2 curare-tipped darts
 k - 36 stones
Armour
 b - a +1 robe
 c - a +0 hat (worn)
 i - a +1 leather armour of fire resistance (worn)
Jewellery
 e - the cursed ring "Overhang to Understand" (left hand) {rPois Str+5, Self, Fort}
   (You found it on level 2 of the Dungeon)

   [ring of poison resistance]

   Str:       It affects your strength (+5).
   rPois:     It protects you from poison.
   It has a curse which improves the following skills: Introspection: Fighting
   and Spellcasting.
   Fortitude: Armour and Shields.
Potions
 f - a potion of flight


   Skills:
 + Level 0.1 Short Blades
 + Level 0.1 Armour
 + Level 2.7 Dodging
 + Level 2.2 Stealth
 + Level 3.9(4.3) Spellcasting


You knew the following spells:

 Your Spells              Type           Power      Damage    Failure   Level
a - Magic Dart            Conj           88%        1d7       2%          1
b - Slow                  Hex            88%        N/A       2%          1
c - Blink                 Tloc           44%        N/A       3%          2
d - Call Imp              Summ           22%        N/A       3%          2
e - Mephitic Cloud        Conj/Pois/Air  22%        N/A       8%          3
f - Apportation           Tloc           44%        N/A       2%          1
g - Lesser Beckoning      Tloc           44%        N/A       3%          2
Your spell library was empty.

Dungeon Overview and Level Annotations

Branches:
Dungeon (3/15)

Altars:
Ashenzari
Cheibriados
Trog


Innate Abilities, Weirdness & Mutations

You are immune to sickness and miasma.
You are immune to poison.
Your flesh is very heat resistant. (rF++)
You are vulnerable to cold. (rC-)
You float through the air rather than walking.
You learn spells naturally, not from books.
Your magical power is your life essence.
You have superior vitality. (+4 MHP)
You have a pair of small horns on your head.
Your mind is acute. (Int +4, Str/Dex -1)


Message History

The orc priest shouts!
You headbutt the orc.
The orc is heavily wounded.
The orc barely misses you. The orc barely misses you.
The orc hits you but does no damage. The orc hits you with a +0 trident.
Things that are here:
a +0 short sword; a +0 leather armour The orc attacks as you move away!
The orc hits you with a +0 falchion. The orc barely misses you.
The orc closely misses you. The orc attacks as you move away!
The orc hits you with a +0 falchion. The orc barely misses you.
You hit the orc but do no damage.
The orc is poisoned.
Your headbutt misses the orc. The orc closely misses you.
The orc barely misses you.
You closely miss the orc. You headbutt the orc.
The orc is heavily wounded.
The orc hits you with a +0 falchion. The orc closely misses you.
You barely miss the orc. Your headbutt misses the orc.
The orc is almost dead.
You kill the orc!
The orc closely misses you.
You hit the orc.
The orc is poisoned.
Your headbutt misses the orc.
The orc is almost dead.
You kill the orc!
The orc hits you from afar with a +0 trident.
* * * LOW HITPOINT WARNING * * *
The orc barely misses you.
The orc priest hits you with a +2 whip of venom!
* * * LOW HITPOINT WARNING * * *
Items here: )) [[.
Aiming: Magic Dart (safe; 2% risk of failure)
Press: ? - help, Q - select action, (/) - cycle Shift-Dir - straight line, f - orc priest
Aim: an orc priest, wielding a +2 whip of venom and wearing a +0 leather armour (100% to hit)
The magic dart hits the orc priest.
The orc priest is lightly wounded.
* * * LOW HITPOINT WARNING * * *
The orc hits you but does no damage.
The orc priest hits you with a +2 whip of venom.
You die...

#:#.#..# #.# #.#.##.##
#.# ####
#.#.##..###.#####.§§
#........##.##....§
###.###...#.##....
#####.........##...#
#.[<....#.###..#...#
#.##.##.#.# ##.#...#
#.##.##.#.# #@#...#
###.##.##†#.# #oo####
....##.##.#.# ##)#
######.##.#.#............
....).....#.#............
............#............
............#............
............#............
............#.....§......


You could see an orc priest and an orc.

Vanquished Creatures
  3 adders
  2 dart slugs (D:1)
  2 worms
  3 orcs (D:3)
  6 ball pythons
  6 bats
  5 endoplasms
  A giant cockroach (D:2)
  5 goblins
  9 hobgoblins
  3 jackals (D:2)
  6 kobolds
  A quokka (D:2)
  4 frilled lizards
  2 rats
58 creatures vanquished.

Vanquished Creatures (collateral kills)
  2 adders (D:2)
  A worm (D:2)
  An endoplasm (D:2)
  A giant cockroach (D:2)
  A goblin (D:2)
  A hobgoblin (D:2)
  A quokka (D:2)
8 creatures vanquished.

Vanquished Creatures (others)
  An endoplasm (D:3)
1 creature vanquished.

Grand Total: 67 creatures vanquished

Notes
Turn   | Place    | Note
-------+----------+-------------------------------------------
     0 | D:1      | MachoJfn the Djinni Hedge Wizard began the quest for the
                  | Orb.
     0 | D:1      | MachoJfn set off with the following spells memorised: Magic
                  | Dart, Slow, Blink, Call Imp, Mephitic Cloud.
     0 | D:1      | Reached XP level 1. HP: 15/15 MP: 0/0
   150 | D:1      | Reached XP level 2. HP: 18/21 MP: 0/0
   290 | D:1      | Reached skill level 3 in Spellcasting
   350 | D:1      | Found a faded altar of an unknown god.
   369 | D:1      | Prayed at the altar of an unknown god.
   369 | D:1      | Became a worshipper of Ashenzari the Shackled
   421 | D:1      | Reached XP level 3. HP: 23/25 MP: 0/0
   421 | D:1      | Learned a level 1 spell: Apportation
   652 | D:1      | Gained mutation: Your mind is acute. (Int +4, Str/Dex -1)
                  | [potion of mutation]
   652 | D:1      | Gained mutation: You have a pair of small horns on your
                  | head. [potion of mutation]
   801 | D:2      | Identified the ring "Ydycoig" {rPois Str+5}
  1106 | D:2      | Reached XP level 4. HP: 28/31 MP: 0/0
  1546 | D:2      | Reached XP level 5. HP: 31/35 MP: 0/0
  1546 | D:2      | Learned a level 2 spell: Lesser Beckoning
  1861 | D:3      | Found a faded altar of an unknown god.
  1861 | D:3      | Found a bloodstained altar of Trog.
  1869 | D:3      | Found a snail-covered altar of Cheibriados.
  1887 | D:3      | Found a faded altar of an unknown god.
  2087 | D:3      | Slain by an orc priest

Illustrated notes

Levels and vault maps discovered:
D:1:      minmay_arrival_doors, layout_rooms,
          hellmonk_ecumenical_altar_pennies_from_heaven
D:2:      kennysheep_big_flooded_room, layout_loops_ring,
          kennysheep_generic_room_16
D:3:      layout_basic, chequers_temple_overflow_minitemple, minmay_hedge_maze,
          amethyst_killhole, lemuel_flame_loot_1

Skill      XL: |  1  2  3  4 |
---------------+-------------+-----
Spellcasting   | 3 |  3.9
Stealth        | 2 |  2.2
Short Blades   | |  0.1
Armour         | |  0.1
Dodging        | |  2.7

Action                     |  1- 3 |  4- 6 || total
---------------------------+-------+-------++-------
  Melee: Dagger            |     3 |    15 ||    18
         Headbutt          |       |     3 ||     3
   Cast: Magic Dart        |    90 |    58 ||   148
         Mephitic Cloud    |       |     3 ||     3
         Call Imp          |       |     3 ||     3
         Apportation       |       |     1 ||     1
         Blink             |       |     1 ||     1
 Invoke: Curse Item        |       |     1 ||     1
    Use: Scroll            |     3 |     2 ||     5
         Potion            |     5 |     3 ||     8
   Stab: Sleeping          |     1 |       ||     1
 Armour: Robe              |     2 |     7 ||     9
         Leather armour    |       |     3 ||     3
  Dodge: Dodged            |     7 |    32 ||    39

Table legend: (Time is in decaauts)
 A = Elapsed time spent in this place.
 B = Non-inter-level travel time spent in this place.
 C = Inter-level travel time spent in this place.
 D = Time resting spent in this place.
 E = Time spent auto-exploring this place.
 F = Levels seen in this place.
 G = Mean time per level.
                   A        B        C        D        E       F      G
               +--------+--------+--------+--------+--------+-----+--------+
         Total |   2086 |   1716 |    370 |    263 |   1102 |   3 |  695.3 |
       Dungeon |   2086 |   1716 |    370 |    263 |   1102 |   3 |  695.3 |
               +--------+--------+--------+--------+--------+-----+--------+

Top non-repeatable levels by time:
     D:2: 975 daAuts
     D:1: 674 daAuts
     D:3: 436 daAuts
